AoeStats
← tiger

Oasis

509499316Analyzed
4v4 RM · 5d ago on Sep 27, 2026· 45m 4s· 8 players
Game mode
Random Map
Map size
Large (8 player)
Population
200
Speed
Normal
Resources
Standard
Victory
Conquest
Starting age
Dark Age
Ending age
Imperial Age
RankedLock teamsTeams togetherTeam positionsShared explorationLock speedFull tech treeHidden civsTurbo modeCheats
Victory
Defeat
🇦🇷 Muisca · Argentina
839
+17
🇨🇦 Lithuanians · Canada
839
+17
🇲🇽 Khmer · Mexico
806
+18
🇺🇸 Sicilians · United States
802
+18
🇺🇸 Goths · United States
987
-22
🇺🇸 Spanish · United States
821
-16
🇺🇸 Franks · United States
819
-16
🇺🇸 Portuguese · United States
806
-16
Silver
0:31 Loom
9:38 Feudal Age
12:46 Wheelbarrow
14:03 Horse Collar
14:13 Double-Bit Axe
20:30 Castle Age
19:12 Gold Mining
19:15 Stone Mining
21:30 Bow Saw
23:41 Stone Shaft Mining
23:49 Heavy Plow
29:23 Gold Shaft Mining
29:08 Hand Cart
33:24 Imperial Age
31:29 Ballistics
34:01 Caravan
34:53 Crop Rotation
36:46 Chemistry
35:43 Murder Holes
35:54 Siege Engineers
35:58 Scale Barding Armor
36:04 Forging
35:57 Husbandry
36:08 Bloodlines
35:19 Light Cavalry
36:45 Fortified Wall
36:39 Scale Mail Armor
36:26 Arson
36:02 Pikeman
37:28 Chain Barding Armor
36:35 Elite Ballista Elephant
38:23 Conscription
39:13 Double Crossbow
39:29 Heavy Scorpion
42:26 Plate Barding Armor
42:08 Chain Mail Armor
42:32 Iron Casting
42:48 Capped Ram
43:37 Elite Battle Elephant
44:21 Tusk Swords
44:45 Hussar
PatBateman7156
11:00 Feudal Age
14:08 Loom
14:59 Wheelbarrow
19:14 Castle Age
17:57 Bloodlines
18:43 Double-Bit Axe
19:04 Horse Collar
20:17 Husbandry
20:37 Bow Saw
24:04 Heavy Plow
25:41 Fervor
25:45 Fervor
25:56 Hand Cart
30:18 Gold Mining
30:47 Scale Barding Armor
30:36 Treadmill Crane
31:17 Hill Forts
32:03 Ballistics
31:49 Stone Mining
32:51 Chain Barding Armor
35:52 Imperial Age
33:52 Forging
33:55 Town Watch
35:53 Iron Casting
35:38 Town Patrol
36:08 Murder Holes
37:08 Guilds
36:19 Elite Leitis
37:20 Conscription
38:40 Two-Man Saw
38:14 Crop Rotation
38:24 Plate Barding Armor
39:04 Chemistry
39:05 Caravan
40:52 Stone Shaft Mining
43:24 Guard Tower
43:54 Bombard Tower
43:49 Masonry
SHEEP STEALER
2:54 Loom
10:31 Feudal Age
11:00 Double-Bit Axe
11:35 Gold Mining
21:57 Castle Age
20:42 Scale Mail Armor
22:24 Forging
22:12 Stone Mining
25:33 Chain Mail Armor
28:03 Gold Shaft Mining
30:40 Bow Saw
30:33 Horse Collar
32:19 Iron Casting
31:35 Fletching
35:52 Bodkin Arrow
36:47 Town Watch
38:16 Heavy Plow
40:27 Wheelbarrow
45:46 Imperial Age
44:53 Bloodlines
Ultra cogolloo
0:52 Loom
11:37 Feudal Age
13:00 Wheelbarrow
13:01 Double-Bit Axe
12:57 Horse Collar
16:42 Champi Runner
21:21 Castle Age
20:05 Scale Mail Armor
21:56 Champi Warrior
23:17 Forging
23:13 Gold Mining
25:13 Heavy Plow
27:07 Stone Mining
28:31 Hand Cart
30:41 Squires
31:04 Bow Saw
31:55 Herbalism
35:40 Imperial Age
33:59 Iron Casting
33:29 Treadmill Crane
35:07 Chain Mail Armor
37:06 Plate Mail Armor
36:05 Elite Temple Guard
36:29 Elite Champi Warrior
37:45 Conscription
39:28 Chemistry
38:58 Fletching
39:10 Padded Archer Armor
39:56 Bodkin Arrow
43:49 Ballistics
43:37 Bracer
44:56 Elite Guecha Warrior
tiger
3:36 Loom
13:56 Feudal Age
16:03 Double-Bit Axe
18:45 Horse Collar
24:46 Wheelbarrow
38:44 Castle Age
37:54 Gold Mining
37:56 Stone Mining
40:44 Fletching
40:59 Padded Archer Armor
42:00 Pikeman
43:01 Inquisition
45:46 Imperial Age
44:04 Hand Cart
44:11 Bow Saw
44:51 Leather Archer Armor
44:38 Bodkin Arrow
B3Guy
6:23 Loom
12:12 Feudal Age
16:56 Wheelbarrow
21:11 Double-Bit Axe
21:23 Gold Mining
21:28 Stone Mining
24:33 Castle Age
23:56 Town Watch
25:54 Gold Shaft Mining
25:37 Bow Saw
25:50 Forging
25:45 Scale Barding Armor
26:18 Hand Cart
28:51 Town Patrol
29:45 Iron Casting
31:58 Chain Barding Armor
31:42 Husbandry
32:09 Fortified Wall
31:52 Guard Tower
32:32 Ballistics
32:31 Ordonnance Companies
33:27 Masonry
33:06 Treadmill Crane
35:06 Murder Holes
35:29 Squires
35:17 Arson
34:56 Pikeman
40:06 Imperial Age
37:54 Scale Mail Armor
41:26 Conscription
41:47 Hoardings
41:38 Conscription
41:35 Cavalier
FluxLithium
0:25 Loom
11:05 Feudal Age
15:04 Castle Age
13:01 Horse Collar
13:09 Double-Bit Axe
15:33 Man-at-Arms
16:14 Squires
16:08 Long Swordsman
24:24 Scale Mail Armor
24:50 Heavy Plow
25:53 Wheelbarrow
25:03 Town Watch
27:38 Chain Mail Armor
27:33 Forging
30:10 Iron Casting
30:48 Gold Mining
39:19 Imperial Age
37:04 Hand Cart
36:34 Town Watch
37:32 Bow Saw
39:00 Ballistics
38:51 Masonry
38:38 Murder Holes
40:22 Conscription
40:10 Perfusion
40:11 Anarchy
41:13 Blast Furnace
40:04 Fletching
40:00 Two-Handed Swordsman
40:02 Pikeman
40:54 Halberdier
40:54 Champion
Aezaq
12:42 Feudal Age
16:51 Castle Age
15:24 Double-Bit Axe
16:21 Horse Collar
21:02 Town Watch
24:55 Bow Saw
27:17 Wheelbarrow
28:19 Caravan
28:34 Gold Mining
31:57 Hand Cart
33:31 Ballistics
33:23 Heavy Plow
33:21 Stone Mining
35:14 Loom
39:37 Imperial Age
42:59 Scale Barding Armor
43:05 Forging
42:37 Cavalier
43:18 Husbandry
45:04 Chain Barding Armor
Connection lost

Rejoining the realm…

Still unreachable

The connection could not be restored.

Session expired

The server has moved on; the page needs a fresh start.